 Dungeon Crawl Stone Soup version 0.28.0 (webtiles) character file.

Game seed: 1549097823003287030

95 Zeld the Magician (level 4, -1/24 HPs)
             Began as a Deep Elf Fire Elementalist on Feb 18, 2022.
             Slain by an orc wizard (3 damage)
             ... on level 3 of the Dungeon.
             The game lasted 00:01:23 (2164 turns).

Zeld the Magician (Deep Elf Fire Elementalist)      Turns: 2164, Time: 00:01:24

Health: -1/24      AC:  2    Str:  5    XL:     4   Next: 40%
Magic:  5/12       EV: 13    Int: 22    God:
Gold:   76         SH:  0    Dex: 15    Spells: 5/11 levels left

rFire   . . .      SeeInvis .   (no weapon)
rCold   . . .      Faith    .   (no shield)
rNeg    . . .      Spirit   .   a - +0 robe
rPois   .          Reflect  .   (no helmet)
rElec   .          Harm     .   (no cloak)
rCorr   .          Rampage  .   (no gloves)
Will    .....                   (no boots)
Stlth   ++........              (no amulet)
HPRegen 0.08/turn               (no ring)
MPRegen 0.13/turn               (no ring)

@: no status effects
A: no striking features
a: no special abilities


You were on level 3 of the Dungeon.
You visited 1 branch of the dungeon, and saw 3 of its levels.

You collected 76 gold pieces.

Inventory:

Armour
 a - a +0 robe (worn)
Scrolls
 b - 2 scrolls of blinking {unknown}
 d - a scroll of noise {unknown}
Potions
 e - a potion of curing {unknown}


   Skills:
 + Level 3.0 Dodging
 + Level 3.2 Stealth
 * Level 4.3 Spellcasting
 + Level 2.0 Conjurations
 * Level 4.1 Fire Magic


You had 5 spell levels left.
You knew the following spells:

 Your Spells              Type           Power      Damage    Failure   Level
a - Foxfire               Conj/Fire      72%        2x1d7     3%          1
b - Scorch                Fire           44%        2d7       3%          2
c - Inner Flame           Hex/Fire       13%        N/A       14%         3

Your spell library contained the following spells:

 Spells                   Type           Power      Damage    Failure   Level
 Conjure Flame            Conj/Fire      18%        6-21      9%          3
 Animate Skeleton         Necr           8%         N/A       11%         1
 Pain                     Necr           16%        1d4       11%         1
 Sandblast                Erth           8%         2d5       11%         1
 Passwall                 Tmut/Erth      3%         N/A       16%         2
 Stone Arrow              Conj/Erth      18%        3d8       22%         3
 Flame Wave               Conj/Fire      18%        2d6       30%         4
 Vampiric Draining        Necr           4%         2d6       32%         3


Dungeon Overview and Level Annotations

Branches:
Dungeon (3/15)

Altars:
Qazlal


Message History

Casting: Scorch (safe; 3% risk of failure)
Confirm with . or Enter, or press ? or * to list all spells.
Flames lash the orc.
The orc is burned terribly!
You kill the orc!
You hear an angry hiss.
The orc wizard gestures wildly while chanting.
The orc wizard flickers and vanishes!
Deactivating autopickup; reactivate with Ctrl-A.
Your Dodging skill increases to level 3!
Casting: Scorch (safe; 3% risk of failure)
Confirm with . or Enter, or press ? or * to list all spells.
You can't see any susceptible monsters within range! (Use Z to cast anyway.)
A ball python comes into view.
You closely miss something.
You hear some strange, mumbled words.
A magic dart appears from out of thin air!
The magic dart hits you!
You barely miss something. Something hits you.
You hit something but do no damage. Something hits you.
Casting: Scorch (safe; 3% risk of failure)
Confirm with . or Enter, or press ? or * to list all spells.
You don't know that spell.
Casting: Scorch (safe; 3% risk of failure)
Confirm with . or Enter, or press ? or * to list all spells.
You conjure some foxfire!
Something hits you. Something hits you.
* * * LOW HITPOINT WARNING * * *
Unknown command.
Your foxfire dissipates!
Casting: Foxfire (safe; 3% risk of failure)
Confirm with . or Enter, or press ? or * to list all spells.
You conjure some foxfire!
Something hits you.
* * * LOW HITPOINT WARNING * * *
The foxfire hits something.
Something hits you.
* * * LOW HITPOINT WARNING * * *
Unknown command.
Casting: Foxfire (safe; 3% risk of failure)
Confirm with . or Enter, or press ? or * to list all spells.
You conjure some foxfire!
Something hits you.
You die...

##.### #.#
......##.#
#.#...#.#
#.......#####
#......S....#
##....)####.#
##...## #S#
......######{#
...... #...v@#
....). #.#####
..... #.#
...oo #.##
.... #..# ##.#
## #.#
.####### #.#
)#.....## #.#


You could see a ball python.

Vanquished Creatures
  An orc wizard (D:3)
  2 adders (D:2)
  A worm (D:2)
  A dart slug (D:1)
  An orc (D:3)
  3 ball pythons
  5 bats
  4 endoplasms
  2 giant cockroaches (D:1)
  6 goblins
  4 hobgoblins (D:1)
  3 quokkas
  11 frilled lizards
  A kobold (D:1)
  2 rats
47 creatures vanquished.

Vanquished Creatures (others)
  213 foxfires
213 creatures vanquished.

Grand Total: 260 creatures vanquished

Notes
Turn   | Place    | Note
-------+----------+-------------------------------------------
     0 | D:1      | Zeld the Deep Elf Fire Elementalist began the quest for the
                  | Orb.
     0 | D:1      | Reached XP level 1. HP: 10/10 MP: 6/6
   206 | D:1      | Reached XP level 2. HP: 15/15 MP: 6/8
   382 | D:1      | Learned a level 2 spell: Scorch
   688 | D:1      | You fall into a shaft and drop 1 floor!
   693 | D:2      | Reached XP level 3. HP: 19/19 MP: 7/10
   697 | D:2      | Learned a level 3 spell: Inner Flame
  1199 | D:1      | Found a faded altar of an unknown god.
  1772 | D:2      | Found a stormy altar of Qazlal.
  2110 | D:3      | Reached XP level 4. HP: 24/24 MP: 9/12
  2164 | D:3      | Slain by an orc wizard

Illustrated notes

Levels and vault maps discovered:
D:1:      minmay_arrival_floating_metal, layout_rooms, basic_ecumenical_altar,
          minmay_split_cup_large
D:2:      layout_rooms, basic_altar, minmay_lizard_pond
D:3:      layout_loops_cross, hangedman_decor_growths, glass_columns_a

Skill      XL: |  1  2  3  4 |
---------------+-------------+-----
Stealth        | 3 |  3.2
Spellcasting   | 4 |  4.3
Conjurations   | 2 |  2.0
Fire Magic     | 4 |  4.1
Dodging        | 3 |  3.0

Action                   |  1- 3 |  4- 6 || total
-------------------------+-------+-------++-------
Melee: Unarmed           |       |     3 ||     3
 Cast: Foxfire           |   118 |     6 ||   124
       Scorch            |       |     2 ||     2
Armor: Robe              |     5 |       ||     5
Dodge: Dodged            |     2 |       ||     2
